 Dungeon Crawl Stone Soup version 0.14-a0-2848-g1d0399b (webtiles) character file.

241 HollowCharge the Slasher (level 5, -1/36 HPs)
             Began as a High Elf Gladiator on Feb 27, 2014.
             Was an Initiate of Ashenzari.
             Slain by a gnoll
             ... wielding a +0,+0 spear
              (10 damage)
             ... on Level 3 of the Dungeon.
             The game lasted 00:11:37 (3097 turns).

HollowCharge the Slasher (High Elf Gladiator)       Turns: 3097, Time: 00:11:37

HP  -1/36        AC  4     Str 15      XL: 5   Next: 35%
MP   8/8         EV 13     Int 11      God: Ashenzari [......]
Gold 59          SH  0     Dex 16      Spells:  0 memorised,  4 levels left

rFire  . . .     SeeInvis .     a - +0,+1 falchion (curse)
rCold  . . .     Clarity  .     j - +0 leather armour (curse)
rNeg   . . .     Conserve .     (no shield)
rPois  .         rCorr    .     c - +0 helmet (curse)
rElec  .         rRot     .     (no cloak)
SustAb . .       Spirit   .     (no gloves)
rMut   .         Warding  .     (no boots)
Saprov . . .     Stasis   .     (no amulet)
MR     .....                    (no ring)
                                (no ring)

@: not resistant to hostile enchantments, unstealthy
A: no striking features
a: Renounce Religion


You were on level 3 of the Dungeon.
You worshipped Ashenzari.
Ashenzari was noncommittal.
You were hungry.

You visited 1 branch of the dungeon, and saw 3 of its levels.

You collected 59 gold pieces.

Inventory:

Hand weapons
 a - a cursed +0,+1 falchion (weapon)
Missiles
 d - a throwing net (quivered)
 p - a throwing net [frayed]
 t - a throwing net [torn]
Armour
 b - a +0 elven leather armour
 c - a cursed +0 helmet (worn)
 i - a +0 orcish ring mail
 j - a cursed +0 leather armour (worn)
 k - a +0 leather armour
 y - a +0 leather armour
Magical devices
 v - a wand of confusion (14)
Comestibles
 f - 4 bread rations
 h - 3 meat rations
 n - 3 rotting chunks of gnoll flesh
 x - a choko
Scrolls
 q - 2 scrolls of curse jewellery
 s - a scroll of remove curse
 u - a scroll of identify {unknown}
Jewellery
 m - an uncursed ring of sustenance {unknown}
Potions
 l - a potion of curing


   Skills:
 + Level 3.3 Fighting
 * Level 5.8 Long Blades
 - Level 2.1 Throwing
 + Level 4.3 Dodging


You had 4 spell levels left.
You didn't know any spells.

Dungeon Overview and Level Annotations

Branches:
Dungeon (3/16)

Altars:
Ashenzari
Vehumet
Xom

Annotations:
D:3 Grinder


Message History

The gnoll hits you from afar with a spear.
The gnoll hits you but does no damage.
You closely miss the gnoll.
The gnoll is heavily wounded.
The gnoll barely misses you.
The gnoll hits you with an uncursed spear!
* * * LOW HITPOINT WARNING * * *
You slash the gnoll!
The gnoll is almost dead.
The gnoll barely misses you. The gnoll misses you.
You hit the gnoll.
The gnoll is almost dead.
The gnoll closely misses you.
You hit the gnoll but do no damage.
The gnoll is almost dead.
The gnoll hits you but does no damage.
You hit the gnoll.
You kill the gnoll!
The gnoll hits you from afar with a spear!
You die...

#.##.#........####
#.##.#........#
#.##.###.####.####
#.##.# #.# #.....
#.##.# #.# #.....
#.##.# #.# #.....
#.##.# #.# #.....
#.##.# #.# #.....
#@##.# #.# #.....
#)##.# #.# #.....
#g##.# #.# #.....
#.##.###.## #.....
#.##......###.....
#.##.......##.##.#
#.##.......##.##.#
##.##.##..#.##.##.#
#..................


You could see a gnoll.

Vanquished Creatures
  5 gnolls (D:3)
  5 adders (D:2)
  A worm (D:3)
  5 giant geckos
  An ooze (D:1)
  An orc (D:3)
  4 giant cockroaches
  10 goblins
  2 hobgoblins (D:1)
  12 jackals
  6 kobolds
  A ball python (D:3)
  8 bats
  4 giant newts
  9 rats
74 creatures vanquished.

Notes
Turn   | Place    | Note
--------------------------------------------------------------
     0 | D:1      | HollowCharge, the High Elf Gladiator, began the quest for the Orb.
     0 | D:1      | Reached XP level 1. HP: 14/14 MP: 2/2
   150 | D:1      | Reached XP level 2. HP: 16/19 MP: 3/3
   155 | D:1      | Reached skill level 4 in Long Blades
   611 | D:1      | Reached XP level 3. HP: 20/25 MP: 5/5
  1136 | D:2      | Reached XP level 4. HP: 20/30 MP: 7/7
  1146 | D:2      | Found a radiant altar of Vehumet.
  1503 | D:2      | Found a shattered altar of Ashenzari.
  1506 | D:2      | Found a shimmering altar of Xom.
  1514 | D:2      | Became a worshipper of Ashenzari the Shackled
  1530 | D:2      | Reached skill level 5 in Long Blades
  1997 | D:3      | Noticed Grinder
  2007 | D:3      | Paralysed by Grinder for 5 turns
  2682 | D:3      | Reached XP level 5. HP: 13/36 MP: 8/8
  3097 | D:3      | Slain by a gnoll

Action                   |  1- 3 |  4- 6 || total
-------------------------+-------+-------++-------
Melee: Falchion          |   129 |   159 ||   288
Throw: Throwing net      |     3 |     3 ||     6
Evoke: Wand              |       |     1 ||     1
  Use: Scroll            |     3 |     2 ||     5
       Potion            |       |     3 ||     3
 Stab: Held in net/web   |     3 |     1 ||     4
       Sleeping          |       |     1 ||     1
